AoeStats
← TIMVP

Arabian Desert

508850530Analyzed
1v1 RM · 8d ago on Sep 24, 2026· 30m 54s· 2 players
Game mode
Random Map
Map size
Tiny (2 player)
Population
200
Speed
Normal
Resources
Standard
Victory
Conquest
Starting age
Dark Age
Ending age
Imperial Age
RankedLock teamsTeams togetherTeam positionsShared explorationLock speedFull tech treeHidden civsTurbo modeCheats
Victory
Defeat
🇧🇴 Khmer · Bolivia
622
+24
🇵🇪 Goths · Peru
569
-14
TIMVP
11:26 Feudal Age
12:06 Double-Bit Axe
13:03 Wheelbarrow
16:20 Man-at-Arms
21:54 Horse Collar
24:57 Castle Age
22:55 Loom
25:01 Pikeman
25:41 Squires
25:45 Scale Mail Armor
Augusto III
9:07 Feudal Age
9:00 Loom
14:05 Wheelbarrow
17:37 Castle Age
15:59 Double-Bit Axe
16:09 Horse Collar
24:27 Bow Saw
25:39 Gold Mining
28:34 Town Watch
Connection lost

Rejoining the realm…

Still unreachable

The connection could not be restored.

Session expired

The server has moved on; the page needs a fresh start.